 Dungeon Crawl Stone Soup version 0.28.0-43-g3370ac3207 (webtiles) character file.

Game seed: 7198624203831402182

13499 boopmooplesden the Spear-Bearer (level 11, -1/151 HPs)
             Began as a Minotaur Berserker on Mar 13, 2022.
             Was a High Priest of Trog.
             Slain by a freezing wraith (14 damage)
             ... led by a death knight
             ... on level 11 of the Dungeon.
             The game lasted 00:16:01 (12517 turns).

boopmooplesden the Spear-Bearer (MiBe)             Turns: 12517, Time: 00:16:02

Health: -1/151     AC: 14    Str: 30    XL:     11   Next: 76%
Magic:  10/10      EV: 11    Int:  4    God:    Trog [*****.]
Gold:   587        SH:  0    Dex: 12    Spells: 10/10 levels left

rFire   + . .      SeeInvis .   k - +3 halberd (venom)
rCold   . . .      Faith    +   (shield currently unavailable)
rNeg    . . .      Spirit   .   j - +1 chain mail
rPois   .          Reflect  .   o - +0 hat
rElec   .          Harm     .   (no cloak)
rCorr   .          Rampage  .   i - +0 pair of gloves
Will    .....                   (no boots)
Stlth   ..........              v - amulet of faith
HPRegen 0.35/turn               t - ring of protection from fire
MPRegen 0.12/turn               e - +6 ring of strength

@: berserking (expiring), slowed
A: horns 2, retaliatory headbutt
a: Renounce Religion, Berserk, Trog's Hand, Brothers in Arms


You were on level 11 of the Dungeon.
You worshipped Trog.
Trog was extremely pleased with you.
You visited 1 branch of the dungeon, and saw 11 of its levels.
You also visited: Sewer.

You collected 587 gold pieces.

Inventory:

Hand Weapons
 a - a +0 hand axe of venom
 k - a +3 halberd of venom (weapon)
 D - a +3 antimagic demon whip
Missiles
 w - 6 javelins (quivered)
Armour
 b - a +0 animal skin
 i - a +0 pair of gloves (worn)
 j - a +1 chain mail (worn)
 o - a +0 hat (worn)
Jewellery
 e - a +6 ring of strength (right hand)
 t - a ring of protection from fire (left hand)
 v - an amulet of faith (around neck)
 F - a ring of willpower
 H - a ring of fire
 J - an amulet of guardian spirit
Wands
 q - a wand of polymorph (8)
 u - a wand of iceblast (28)
 y - a wand of digging (5)
 G - a wand of acid (8)
 I - a wand of flame (2)
 L - a wand of paralysis (5)
Scrolls
 f - 5 scrolls of teleportation
 n - 2 scrolls of brand weapon
 r - 2 scrolls of magic mapping
 x - 2 scrolls of vulnerability {unknown}
 E - a scroll of fog {unknown}
 N - a scroll of identify
Potions
 c - a potion of flight {unknown}
 d - a potion of brilliance {unknown}
 g - 2 potions of heal wounds
 h - 3 potions of resistance
 l - a potion of attraction {unknown}
 m - a potion of experience {unknown}
 p - a potion of magic {unknown}
 s - 5 potions of lignification
 z - 2 potions of cancellation
 A - 2 potions of curing
 B - a potion of might {unknown}
 C - a potion of ambrosia {unknown}
 K - 2 potions of mutation
 M - a potion of invisibility {unknown}


   Skills:
 + Level 10.8 Fighting
 + Level 7.5(11.7) Axes
 + Level 13.9(14.7) Polearms
 + Level 1.1 Throwing
 + Level 12.0 Armour
 + Level 5.1 Dodging
 + Level 2.0 Stealth


You had 10 spell levels left.
You didn't know any spells.
Your spell library was empty.

Dungeon Overview and Level Annotations

Branches:
Dungeon (11/15)            Temple (0/1) D:7            Lair (0/6) D:10
    Orc (0/2) D:9           Sewer (visited)

Altars:
Ashenzari


Innate Abilities, Weirdness & Mutations

You have a pair of horns on your head.
You reflexively headbutt those who attack you in melee.


Message History

The death knight is almost dead.
The death knight reflects your damage back at you!
You kill the death knight!
Trog accepts your kill.
Your damage is reflected back at you!
The freezing wraith hits you. The freezing wraith freezes you!
The freezing wraith hits you!
The freezing wraith completely misses you.
The freezing wraith hits you.
Your Armour skill increases to level 12!
Your Stealth skill increases to level 2!
You barely miss the skeletal warrior.
The skeletal warrior hits you with a +0 flail.
The freezing wraith misses you. The freezing wraith hits you!
* * * LOW HITPOINT WARNING * * *
The freezing wraith drains your vigour!
You feel as though you will be slow longer.
The freezing wraith closely misses you.
The freezing wraith hits you but does no damage.
You hit the skeletal warrior. You headbutt the skeletal warrior!
The skeletal warrior is moderately damaged.
The skeletal warrior barely misses you.
You puncture the skeletal warrior!
The skeletal warrior is heavily damaged.
The freezing wraith barely misses you. The freezing wraith closely misses you.
The freezing wraith hits you.
* * * LOW HITPOINT WARNING * * *
The freezing wraith freezes you!
* * * LOW HITPOINT WARNING * * *
The freezing wraith closely misses you.
You impale the skeletal warrior!!
The skeletal warrior is almost destroyed.
The skeletal warrior closely misses you.
The freezing wraith barely misses you. The freezing wraith hits you!
* * * LOW HITPOINT WARNING * * *
The freezing wraith drains your vigour!
You feel as though you will be slow longer.
The freezing wraith hits you.
* * * LOW HITPOINT WARNING * * *
The freezing wraith freezes you!
You die...

##.......... #. ...........
.... #.#........ .....
#.#........ #
..##.##.......... ##.
#...............
...##......zWW......
##......#...@)...#
#..........?..#.##
#............................
#.....#......#...##.......#
##........8.8#...##.......#
###.....###....#..##.......#
........###.8......#.#....#
#$.......†....[......#...##
##..........8.8....#......#


You could see a skeletal warrior and 2 freezing wraiths.

Vanquished Creatures
  Gastronok (D:9)
  A death knight (D:11)
  3 death yaks (D:10)
  Pikel (D:7)
  A cyclops (D:10)
  An unseen horror (D:11)
  3 kobold demonologists (D:10)
  A hornet (D:6)
  A troll (D:10)
  Sigmund (D:5)
  8 yaks
  2 wyverns
  3 shadows
  2 steam dragons
  A vampire mosquito (D:11)
  3 water moccasins
  3 orc warriors
  3 ice beasts (D:6)
  A black bear (D:6)
  A swamp drake (D:9)
  4 ogres
  5 centaurs
  A phantom (D:7)
  20 kobold brigands
  2 bullfrogs
  5 scorpions
  A wyvern zombie (D:6)
  A wyvern skeleton (D:7)
  4 killer bees (D:9)
  2 electric eels (D:10)
  A centaur zombie (D:10)
  A bullfrog zombie (D:6)
  5 hounds
  3 jellies
  6 orc priests
  4 bullfrog skeletons
  2 iguanas
  5 orc wizards
  A hound zombie (D:5)
  2 howler monkey zombies
  14 gnolls
  6 river rats
  16 adders
  2 shadow imps
  An ufetubus (D:7)
  An adder skeleton (D:4)
  7 worms
  A dart slug (D:1)
  26 orcs
  6 ball pythons
  10 endoplasms
  6 giant cockroaches
  10 goblins
  6 hobgoblins
  4 jackals (D:3)
  59 kobolds
  6 quokkas
  5 bats
  2 frilled lizards (D:1)
  24 rats
328 creatures vanquished.

Notes
Turn   | Place    | Note
-------+----------+-------------------------------------------
     0 | D:1      | boopmooplesden the Minotaur Berserker began the quest for
                  | the Orb.
     0 | D:1      | Reached XP level 1. HP: 19/19 MP: 0/0
   310 | D:1      | Reached XP level 2. HP: 27/27 MP: 1/1
   310 | D:1      | Found a faded altar of an unknown god.
   736 | D:2      | Reached XP level 3. HP: 33/33 MP: 2/2
  1319 | D:2      | Reached XP level 4. HP: 37/41 MP: 3/3
  1323 | D:2      | Reached ** piety under Trog
  1324 | D:2      | Reached skill level 5 in Axes
  1896 | D:3      | Reached XP level 5. HP: 47/47 MP: 4/4
  1983 | D:3      | Reached skill level 5 in Fighting
  2219 | D:3      | Reached XP level 6. HP: 56/56 MP: 5/5
  2331 | D:3      | Reached *** piety under Trog
  2860 | D:3      | Reached XP level 7. HP: 57/61 MP: 6/6
  3385 | D:4      | Found a glowing drain.
  3390 | Sewer    | Entered a sewer
  3641 | Sewer    | Reached skill level 5 in Armour
  3855 | Sewer    | Reached skill level 1 in Polearms
  3905 | Sewer    | Reached skill level 2 in Polearms
  4030 | Sewer    | Reached skill level 3 in Polearms
  4281 | Sewer    | Reached **** piety under Trog
  4290 | Sewer    | Reached XP level 8. HP: 16/70 MP: 7/7
  4713 | D:4      | Reached skill level 4 in Polearms
  5096 | D:5      | Entered Level 5 of the Dungeon
  5104 | D:5      | Reached skill level 5 in Polearms
  5320 | D:5      | Noticed Sigmund
  5325 | D:5      | Killed Sigmund
  5326 | D:5      | Reached skill level 6 in Polearms
  5451 | D:5      | Found a broken altar of Ashenzari.
  5803 | D:5      | Reached skill level 7 in Polearms
  5968 | D:6      | Reached ***** piety under Trog
  5980 | D:6      | Reached skill level 1 in Stealth
  5980 | D:6      | Reached XP level 9. HP: 27/79 MP: 8/8
  6290 | D:6      | Reached skill level 8 in Polearms
  6564 | D:6      | Reached skill level 9 in Polearms
  7941 | D:7      | Noticed Pikel
  7951 | D:7      | Killed Pikel
  7952 | D:7      | Reached XP level 10. HP: 90/90 MP: 9/9
  8001 | D:7      | Found a staircase to the Ecumenical Temple.
  8580 | D:8      | Reached skill level 10 in Polearms
  9169 | D:8      | Received a gift from Trog
  9358 | D:9      | Noticed Gastronok
  9371 | D:9      | Killed Gastronok
  9372 | D:9      | Reached skill level 10 in Armour
  9423 | D:9      | Reached skill level 11 in Polearms
  9423 | D:9      | Reached skill level 1 in Throwing
  9753 | D:9      | Found a staircase to the Orcish Mines.
 10620 | D:10     | Entered Level 10 of the Dungeon
 10645 | D:10     | Noticed a cyclops
 10646 | D:10     | Reached XP level 11. HP: 96/99 MP: 10/10
 10663 | D:10     | Reached skill level 12 in Polearms
 10671 | D:10     | Reached skill level 10 in Fighting
 11008 | D:10     | Noticed a death yak
 11022 | D:10     | Noticed a death yak
 11024 | D:10     | Killed a death yak
 11026 | D:10     | Noticed a death yak
 11050 | D:10     | Killed a death yak
 11053 | D:10     | HP: 4/101 [death yak (17)]
 11054 | D:10     | HP: 1/101 [death yak (13)]
 11057 | D:10     | Killed a death yak
 11058 | D:10     | Reached skill level 13 in Polearms
 11418 | D:10     | Found a staircase to the Lair.
 11579 | D:10     | Noticed a soul eater
 11580 | D:10     | Reached skill level 5 in Dodging
 12239 | D:11     | Noticed a death knight
 12504 | D:11     | Noticed a skeletal warrior
 12513 | D:11     | Killed a death knight
 12517 | D:11     | Slain by a freezing wraith

Illustrated notes

Levels and vault maps discovered:
D:1:      dpeg_arrival_tiny_d, layout_basic, chequers_ecumenical_altar_simple
D:2:      layout_loops_ring
D:3:      minmay_goblin_kobold_castle, layout_loops_ring
D:4:      layout_basic, gup_sewer_entry_bowl, minmay_rat_hole
D:5:      layout_basic, ashenzari_altar_1, uniq_sigmund
D:6:      layout_rooms, hangedman_minor_gate_pass
D:7:      layout_gridville, minmay_temple_entry_poolview,
          minmay_tree_intersection, uniq_pikel
D:8:      layout_rooms
D:9:      layout_roguey, erik_orc_1, amethyst_killhole, uniq_gastronok
D:10:     layout_basic, dpeg_lair_monsters, special_room [special_room_kobold]
D:11:     layout_cave_pools, serial_column_ruins, column_ruins_hut,
          column_ruins_hut_pillars, column_ruins_grid_1,
          column_ruins_corridor_straight, column_ruins_grid_3,
          column_ruins_columns_dead_end, column_ruins_grid_1,
          column_ruins_columns_straight, column_ruins_open_large,
          nicolae_qazlal_general_emergency, uniq_erica

Skill      XL: |  1  2  3  4  5  6  7  8  9 10 11 |
---------------+----------------------------------+-----
Axes           | 4 5 6 7 |  7.5
Fighting       | 4 5 6 7 8 9 10 | 10.8
Dodging        | 3 4 5 |  5.1
Armour         | 3 4 5 7 9 10 12 | 12.0
Polearms       | 3 7 9 11 13 | 13.9
Stealth        | 1 2 |  2.0
Throwing       | 1 |  1.1

Action                   |  1- 3 |  4- 6 |  7- 9 | 10-12 || total
-------------------------+-------+-------+-------+-------++-------
Melee: Hand axe          |    67 |   118 |       |       ||   185
       Headbutt          |    10 |    10 |    55 |    47 ||   122
       Punch             |     1 |     2 |       |       ||     3
       Halberd           |       |    10 |   309 |   229 ||   548
Throw: Javelin           |       |       |     4 |       ||     4
Invok: Berserk           |     3 |     5 |     3 |     8 ||    19
  Use: Scroll            |       |       |     6 |     9 ||    15
       Potion            |       |       |       |     3 ||     3
Armor: Animal skin       |    10 |     3 |       |       ||    13
       Chain mail        |       |    89 |   162 |   157 ||   408
Dodge: Dodged            |    41 |    78 |   166 |   126 ||   411
